 Dungeon Crawl Stone Soup version 0.20.1-1-g8b1a95d (webtiles) character file.

103 bren the Shield-Bearer (level 4, 0/40 HPs)
             Began as a Hill Orc Fighter on Aug 9, 2017.
             Slain by a goblin (1 damage)
             ... on level 4 of the Dungeon.
             The game lasted 00:09:10 (2397 turns).

bren the Shield-Bearer (Hill Orc Fighter)           Turns: 2397, Time: 00:09:11

Health: 0/40       AC:  7    Str: 17 (19) XL:     4   Next: 79%
Magic:  4/4        EV:  7    Int:  5 (8)  God:
Gold:   55         SH:  9    Dex:  7 (10) Spells: 3/3 levels left

rFire    . . .     SeeInvis +   a - +0 long sword
rCold    . . .     Gourm    .   c - +0 shield
rNeg     . . .     Faith    .   b - +0 scale mail
rPois    .         Spirit   .   (no helmet)
rElec    .         Reflect  .   (no cloak)
rCorr    .         Harm     .   (no gloves)
MR       .....                  (no boots)
Stlth    +.........             (no amulet)
Regen    0.2/turn               h - ring of see invisible
MPRegen  0.1/turn               k - ring of stealth

@: lethally poisoned (0 -> -8)
A: no striking features
a: no special abilities


You were on level 4 of the Dungeon.
You were hungry.

You visited 1 branch of the dungeon, and saw 4 of its levels.

You collected 55 gold pieces.

Inventory:

Hand Weapons
 a - a +0 long sword (weapon)
Missiles
 g - 2 exploding tomahawks
 o - 80 stones (quivered)
Armour
 b - a +0 scale mail (worn)
 c - a +0 shield (worn)
Jewellery
 h - a ring of see invisible (left hand)
 k - a ring of stealth (right hand)
 n - an uncursed ring of stealth
Scrolls
 e - a scroll of identify
Books
 j - a book of Callings

   Spells                             Type                      Level
   a - Summon Small Mammal            Summoning                    1
   b - Call Imp                       Summoning                    2
   c - Call Canine Familiar           Summoning                    3
   d - Summon Guardian Golem          Hexes/Summoning              3
   e - Summon Lightning Spire         Summoning/Air                4
   f - Summon Ice Beast               Ice/Summoning                4
Comestibles
 f - 2 bread rations
 i - 2 chunks of flesh
 m - a fruit
 p - a meat ration


   Skills:
 + Level 4.1 Fighting
 + Level 3.2 Long Blades
 + Level 4.0 Armour
 - Level 0.1 Dodging
 - Level 0.1 Stealth
 + Level 4.3 Shields


You had 3 spell levels left.
You didn't know any spells.

Dungeon Overview and Level Annotations

Branches:
Dungeon (4/15)
 Temple: D:4-7

Altars:
Ashenzari
Fedhas
Sif Muna
Vehumet

Annotations:
D:3 Robin; hilaritas's ghost, amateur FoFi


Message History

Found a scroll of identify and a scroll labeled SYZXOE UMMYL.
There is a stone staircase leading up here.
You see here a scroll of identify.
You aren't carrying any potions.
Okay, then.
The worker ant bites you.
* * * LOW HITPOINT WARNING * * *
You block the worker ant's attack.
You see here a scroll of identify.
You barely miss the worker ant.
The worker ant bites you but does no damage.
The quokka bites you.
* * * LOW HITPOINT WARNING * * *
You closely miss the worker ant. The worker ant bites you.
* * * LOW HITPOINT WARNING * * *
You are lethally poisoned!
The worker ant poisons you! The quokka bites you.
* * * LOW HITPOINT WARNING * * *
You block the worker ant's attack. The goblin hits you.
You die...

##### .....
...... ......
#......
######.....?.
#............
#..g.<.......
#.@a.......##
#..r.......#
######...###
..... ##.###
... ...


You could see a worker ant, a quokka and a goblin.

Vanquished Creatures
  An adder (D:2)
  2 oozes
  A worm (D:2)
  3 dart slugs
  A leopard gecko (D:3)
  A ball python (D:1)
  12 bats
  3 giant cockroaches
  6 goblins
  9 hobgoblins
  10 jackals
  4 frilled lizards
  10 kobolds
  6 rats
69 creatures vanquished.

Notes
Turn   | Place    | Note
-------+----------+-------------------------------------------
     0 | D:1      | bren the Hill Orc Fighter began the quest for the Orb.
     0 | D:1      | Reached XP level 1. HP: 19/19 MP: 1/1
   179 | D:1      | Reached XP level 2. HP: 27/27 MP: 2/2
   606 | D:1      | Reached XP level 3. HP: 21/33 MP: 3/3
  1383 | D:2      | Reached XP level 4. HP: 40/40 MP: 4/4
  1396 | D:2      | Found a blossoming altar of Fedhas.
  1404 | D:2      | Found a shattered altar of Ashenzari.
  1413 | D:2      | Found a deep blue altar of Sif Muna.
  1595 | D:2      | Found a radiant altar of Vehumet.
  2337 | D:3      | Noticed hilaritas's ghost (amateur FoFi)
  2350 | D:3      | HP: 2/40 [hilaritas's ghost (3)]
  2379 | D:3      | Noticed Robin
  2397 | D:4      | HP: 1/40 [quokka (4)]
  2397 | D:4      | Slain by a goblin

Skill      XL: |  1  2  3  4 |
---------------+-------------+-----
Fighting       | 4 |  4.1
Shields        | 4 |  4.3
Long Blades    | 3 |  3.2
Armour         | 4 |  4.0
Dodging        | |  0.1
Stealth        | |  0.1

Action                   |  1- 3 |  4- 6 || total
-------------------------+-------+-------++-------
Melee: Long sword        |   137 |   147 ||   284
Throw: Stone             |    28 |     3 ||    31
  Use: Scroll            |     5 |     3 ||     8
       Potion            |       |     2 ||     2
  Eat: Chunk             |     2 |     3 ||     5
Armor: Scale mail        |    72 |    89 ||   161
Dodge: Dodged            |    55 |    65 ||   120
Block: Shield            |    86 |   107 ||   193
       Rpst.: Long sword |    18 |    22 ||    40
